 Dungeon Crawl Stone Soup version 0.23.2-30-g0e89c35649 (webtiles) character file.

Game seed: 13655375837925922727

133465 FluffyBoys the Severer (level 17, -5/156 HPs)
             Began as a Hill Orc Fighter on June 6, 2019.
             Was the Champion of Beogh.
             Slain by a wolf spider (9 damage)
             ... on level 1 of the Spider Nest.
             The game lasted 01:06:18 (28460 turns).

FluffyBoys the Severer (Hill Orc Fighter)          Turns: 28460, Time: 01:06:19

Health: -5/156     AC: 15    Str: 32    XL:     17   Next: 14%
Magic:  29/29      EV:  5    Int: 11    God:    Beogh [******]
Gold:   2023       SH:  0    Dex: 10    Spells: 16/16 levels left

rFire    . . .     SeeInvis .   b - +4 broad axe (chop)
rCold    . . .     Gourm    .   O - +0 shield {reflect}
rNeg     . . .     Faith    .   K - +0 swamp dragon scales
rPois    +         Spirit   .   h - +1 helmet
rElec    .         Reflect  +   (no cloak)
rCorr    .         Harm     .   (no gloves)
MR       ++...                  C - +0 pair of boots
Stlth    ..........             n - amulet of regeneration
HPRegen  0.76/turn              J - ring of protection from magic
MPRegen  0.21/turn              I - ring "Zekhlacus" {Str+6 Int+3}

@: held
A: walk on water
a: Smiting, Recall Orcish Followers, Give Item to Named Follower, Resurrection,
Renounce Religion


You were on level 1 of the Spider Nest.
You worshipped Beogh.
Beogh was exalted by your worship.
You were not hungry.

You visited 7 branches of the dungeon, and saw 30 of its levels.
You visited 1 bazaar.
You also visited: Ice Cave.

You collected 2459 gold pieces.
You spent 436 gold pieces at shops.

Inventory:

Hand Weapons
 a - a +6 hand axe of flaming
 b - a +4 broad axe of chopping (weapon)
 M - the +9 falchion of Intuition {speed, MR++ Stlth+}
   (You found it on level 1 of the Lair of Beasts)

   Attacks with this weapon are significantly faster.
   It affects your resistance to hostile enchantments.
   It makes you more stealthy.
 Z - a +0 glaive
Missiles
 j - a throwing net
Armour
 h - a +1 helmet (worn)
 y - a +2 plate armour of fire resistance
 C - a +0 pair of boots (worn)
 K - +0 swamp dragon scales (worn)
 O - a +0 shield of reflection (worn)
 Y - a +0 plate armour of cold resistance
Jewellery
 n - an amulet of regeneration (around neck)
 r - an uncursed amulet of the acrobat {unknown}
 E - an uncursed ring of fire
 I - the ring "Zekhlacus" (right hand) {Str+6 Int+3}
   (You found it on level 12 of the Dungeon)

   [ring of strength]

   It affects your strength (+6).
   It affects your intelligence (+3).
 J - a ring of protection from magic (left hand)
 P - an uncursed ring of positive energy
 U - a cursed -5 ring of protection {unknown}
 W - an uncursed amulet of the acrobat {unknown}
Wands
 d - a wand of random effects (97)
 t - a wand of polymorph (9)
 F - a wand of flame (73)
 R - a wand of paralysis (19)
 V - a wand of acid (13)
Scrolls
 i - 5 scrolls of enchant armour
 m - 5 scrolls of teleportation
 s - 6 scrolls of fog
 w - 5 scrolls of remove curse
 x - 4 scrolls of immolation
 A - 2 scrolls of holy word
 H - 6 scrolls of magic mapping
 N - a scroll of brand weapon
 Q - 4 scrolls of amnesia
 T - a scroll of summoning {unknown}
 X - a scroll of fear
Potions
 e - 3 potions of flight
 g - 8 potions of heal wounds
 l - 7 potions of curing
 o - 4 potions of mutation
 p - 5 potions of brilliance
 q - 5 potions of agility
 u - 4 potions of haste
 v - 4 potions of berserk rage {unknown}
 z - 6 potions of might
 G - 2 potions of ambrosia {unknown}
 L - 3 potions of lignification {unknown}
 S - 2 potions of cancellation {unknown}
Comestibles
 f - 34 rations


   Skills:
 + Level 15.4 Fighting
 - Level 18.0 Axes
 + Level 14.3 Armour
 + Level 14.3 Shields
 * Level 17.9 Invocations


You had 16 spell levels left.
You didn't know any spells.
Your spell library contained the following spells:

 Spells                   Type           Power        Failure   Level  Hunger
 Corona                   Hex            #......      43%         1    ##.....
 Infusion                 Chrm           #...         43%         1    ##.....
 Magic Dart               Conj           #...         43%         1    ##.....
 Sandblast                Erth           #.....       43%         1    ##.....
 Summon Small Mammal      Summ           #...         43%         1    ##.....
 Call Imp                 Summ           #.......     58%         2    ###....
 Ensorcelled Hibernation  Hex/Ice        #.....       58%         2    ###....
 Passwall                 Tmut/Erth      #.......     58%         2    ###....
 Searing Ray              Conj           #.....       58%         2    ###....
 Shroud of Golubria       Chrm/Tloc      #.........   58%         2    ###....
 Slow                     Hex            #.......     58%         2    ###....
 Song of Slaying          Chrm           #.......     58%         2    ###....
 Call Canine Familiar     Summ           #.......     82%         3    ####...
 Confuse                  Hex            #.......     82%         3    ####...
 Dazzling Spray           Conj/Hex       #.....       82%         3    ####...
 Inner Flame              Hex/Fire       #.......     82%         3    ####...
 Portal Projectile        Hex/Tloc       #.....       82%         3    ####...
 Regeneration             Chrm/Necr      #.........   82%         3    ####...
 Spectral Weapon          Hex/Chrm       #.......     82%         3    ####...
 Static Discharge         Conj/Air       #.......     82%         3    ####...
 Stone Arrow              Conj/Erth      #.....       82%         3    ####...
 Summon Guardian Golem    Hex/Summ       #.......     82%         3    ####...
 Tukima's Dance           Hex            #.......     82%         3    ####...
 Cause Fear               Hex            #.........   99%         4    #####..
 Force Lance              Conj/Tloc      #.......     99%         4    #####..
 Fulminant Prism          Conj/Hex       #.........   99%         4    #####..
 Iskenderun's Mystic Bla  Conj           #.......     99%         4    #####..
 Leda's Liquefaction      Hex/Erth       #.........   99%         4    #####..
 Petrify                  Tmut/Erth      #.......     99%         4    #####..
 Summon Ice Beast         Ice/Summ       #.......     99%         4    #####..
 Summon Lightning Spire   Summ/Air       #.......     99%         4    #####..
 Lee's Rapid Deconstruct  Erth           #.........   100%        5    ######.
 Silence                  Hex/Air        #.........   100%        5    ######.
 Yara's Violent Unravell  Hex/Tmut       #.........   100%        5    ######.
 Conjure Ball Lightning   Conj/Air       #.........   100%        6    #######
 Deflect Missiles         Chrm/Air       #.........   100%        6    #######
 Discord                  Hex            #.........   100%        8    #######


Dungeon Overview and Level Annotations

Branches:
Dungeon (15/15)            Temple (1/1) D:4            Lair (6/6) D:8
  Swamp (4/4) Lair:2       Spider (1/4) Lair:4        Slime (0/5) Lair:6
    Orc (2/2) D:11            Elf (0/3) Orc:2        Vaults (0/5) D:13
 Depths (1/5) D:15

Altars:
Ashenzari
Cheibriados
Dithmenos
Elyvilon
Fedhas
Gozag
Hepliaklqana
Kikubaaqudgha
Makhleb
Nemelex Xobeh
Okawaru
Qazlal
Ru
Sif Muna
Trog
Uskayaw
Vehumet
Wu Jian
Xom
Yredelemnul
Zin
The Shining One
Jiyva

Shops:
D:8 !   D:12 :   Orc:2 }(:!

Portals:
Pandemonium: Depths:1

Annotations:
D:3 1 runed translucent door, Alannah's ghost, amateur DsMo
D:4 exclusion: downstairs
D:7 exclusion: downstairs
D:8 1 runed translucent door, Renjy's ghost, novice OpFE
D:10 2 transporters, radzia's ghost, journeyman VSFi
D:15 exclusion: Roxanne, Roxanne
Lair:2 3 runed translucent doors, Orcmeat's ghost, journeyman SpWz
Swamp:1 2 transporters, zuik's ghost, adept MfSk
Swamp:4 Lernaean hydra
Depths:1 1 transporter, raetorn's ghost, adept GnSk


Message History

The wolf spider bites you but does no damage.
The jumping spider barely misses you. The jumping spider bites you.
* * * LOW HITPOINT WARNING * * *
The wolf spider closely misses you. The wolf spider bites you!
* * * LOW HITPOINT WARNING * * *
The tarantella bites you but does no damage.
The jumping spider leaps!
The jumping spider barely misses you.
The jumping spider bites you but does no damage.
The demonic crawler hits you!
* * * LOW HITPOINT WARNING * * *
The demonic crawler hits you.
* * * LOW HITPOINT WARNING * * *
The demonic crawler hits you.
* * * LOW HITPOINT WARNING * * *
The jumping spider pounces on you!
* * * LOW HITPOINT WARNING * * *
You are even more entangled.
The jumping spider bites you but does no damage.
The wolf spider hits you!
You die...

#.#### #s.#.##
......###.
######.........
#............°.
##...^.........
#.$...sss....°.
#....ss@ss○....
#.^...sss......
....^##ss......
...# ...°.....
.. ......... [
..........
(.........
...........


You could see a demonic crawler, 3 wolf spiders, 8 jumping spiders and a
tarantella.

Vanquished Creatures
  Agnes (D:14)
  Louise (Swamp:1)
  3 dire elephants
  2 ogre magi (Orc:2)
  A yaktaur captain (Depths:1)
  15 hydras
  A rakshasa (Depths:1)
  13 alligators
  An anaconda (Lair:6)
  2 dancing weapons (D:13)
  A ghost crab (Swamp:3)
  10 two-headed ogres
  A tengu warrior (Swamp:1)
  An orc high priest (Orc:2)
  6 death yaks
  Sonja (D:13)
  A spriggan druid (Swamp:3)
  An unseen horror (D:10)
  A flayed ghost (Depths:1)
  2 deep trolls
  6 swamp dragons
  4 cyclopes
  9 ugly things
  An elephant (Lair:3)
  6 black mambas
  2 gargoyles (D:10)
  A kobold demonologist (D:15)
  2 rime drakes
  A yaktaur (D:12)
  12 spiny frogs
  A freezing wraith (D:12)
  4 komodo dragons
  5 tengu conjurers
  7 tyrant leeches
  10 trolls
  A polar bear (Lair:6)
  13 hornets
  8 slime creatures
  14 blink frogs
  8 bog bodies
  14 hippogriffs
  A tarantella (Lair:4)
  Sigmund (D:2)
  3 shadows
  3 wraiths
  A vampire (D:14)
  13 spriggans
  2 water elementals (D:11)
  A redback (Lair:4)
  2 wyverns
  23 yaks
  3 basilisks
  A fire bat (shapeshifter) (D:12)
  A hungry ghost (D:9)
  11 vampire mosquitoes
  13 swamp worms
  5 wargs
  24 insubstantial wisps
  An acid dragon (D:13)
  2 soldier ants (D:8)
  7 water moccasins
  4 porcupines
  11 orc warriors
  4 ice beasts
  A sky beast (D:11)
  2 black bears
  An eye of draining (D:12)
  8 swamp drakes
  2 phantoms
  16 ogres
  2 necrophages
  A boggart (Depths:1)
  11 centaurs
  9 crocodiles
  4 wolves (Lair:4)
  Blork the orc (D:5)
  A big kobold (D:9)
  13 bullfrogs
  A wyvern skeleton (D:13)
  3 scorpions
  11 killer bees
  24 wights
  10 howler monkeys
  An electric eel (D:11)
  3 bullfrog zombies
  4 centaur zombies
  2 crimson imps
  2 quasits
  6 hounds
  2 bullfrog skeletons
  4 centaur skeletons
  7 orc priests
  A jelly (D:15)
  18 orc wizards
  2 iguanas
  11 worker ants
  A worker ant zombie (D:6)
  A howler monkey skeleton (D:7)
  10 adders
  A shadow imp (D:11)
  10 white imps (Lair:4)
  An ooze (D:3)
  3 worms
  An adder zombie (D:8)
  3 dart slugs
  8 leopard geckos
  29 orcs
  4 bats
  6 giant cockroaches
  2 gnoll zombies (D:3)
  2 goblins (D:3)
  3 hobgoblins
  4 jackals
  6 quokkas
  A ball python (D:4)
  4 frilled lizards
  A jackal skeleton (D:8)
  7 kobolds
  2 leopard gecko skeletons
  A quokka zombie (D:7)
  5 rats
  A bush (D:2)
  A fungus (Lair:3)
  9 plants
642 creatures vanquished.

Vanquished Creatures (collateral kills)
  An orc warlord (Swamp:4)
  Donald (Swamp:1)
  A frost giant (Depths:1)
  A very ugly thing (Swamp:4)
  2 dire elephants (Lair:6)
  Josephine (D:10)
  A catoblepas (D:15)
  4 hydras
  2 centaur warriors
  2 tengu warriors
  9 death yaks
  4 two-headed ogres
  An unseen horror (D:13)
  A swamp dragon (Swamp:4)
  An orc knight (Orc:2)
  2 manticores
  An orc sorcerer (Orc:1)
  17 ugly things
  A centaur zombie (D:15)
  2 cyclopes
  2 black mambas
  2 elephants (Lair:4)
  3 komodo dragons
  A gargoyle (D:15)
  5 centaur skeletons
  2 spiny frogs
  A tengu conjurer (D:13)
  2 trolls (Orc:2)
  A meliai (D:14)
  A harpy zombie (D:15)
  A jumping spider (Lair:4)
  A tyrant leech (Swamp:4)
  2 bog bodies
  17 blink frogs
  7 hippogriffs
  2 meliai zombies
  2 spriggans
  2 wyverns
  2 shadows (D:13)
  3 wraiths
  12 yaks
  A spriggan (shapeshifter) (D:13)
  A vampire (D:15)
  A basilisk (shapeshifter) (D:15)
  6 basilisks
  7 vampire mosquitoes
  An insubstantial wisp (Swamp:4)
  2 wargs (Orc:2)
  A water moccasin (Lair:6)
  A swamp drake (Swamp:4)
  2 porcupines
  A sky beast (D:13)
  A black bear (D:11)
  4 ogres
  3 orc warriors
  A phantom (D:11)
  A wolf (Lair:6)
  5 centaurs
  3 crocodiles
  6 bullfrogs
  A wyvern zombie (D:11)
  11 wights
  An electric eel (Lair:2)
  6 crimson imps
  A hound (D:14)
  An orc wizard (Orc:1)
  3 orc priests
  A bullfrog skeleton (D:13)
  An iguana (D:11)
  4 worker ants
  2 white imps (Lair:4)
  An ufetubus (D:15)
  12 orcs
  A butterfly (Lair:5)
  8 fungi
  9 plants
237 creatures vanquished.

Vanquished Creatures (others)
  An orc high priest (Swamp:4)
  3 orc knights
  A hornet (Swamp:4)
  9 orc warriors
  4 orc wizards
  4 orc priests (Orc:1)
  2 ufetubi (IceCv)
  28 orcs
  2 fungi
  22 plants
76 creatures vanquished.

Grand Total: 955 creatures vanquished

Notes
Turn   | Place    | Note
-------+----------+-------------------------------------------
     0 | D:1      | FluffyBoys the Hill Orc Fighter began the quest for the
                  | Orb.
     0 | D:1      | Reached XP level 1. HP: 19/19 MP: 1/1
    97 | D:1      | Reached skill level 3 in Axes
   269 | D:2      | Reached XP level 2. HP: 27/27 MP: 2/2
   322 | D:2      | Noticed Sigmund
   333 | D:2      | Killed Sigmund
   333 | D:2      | Reached skill level 5 in Axes
   333 | D:2      | Reached XP level 3. HP: 17/34 MP: 3/3
   333 | D:2      | Reached XP level 4. HP: 21/41 MP: 4/4
   333 | D:2      | Reached XP level 5. HP: 24/47 MP: 5/5
   865 | D:2      | Found a glowing silver altar of Zin.
  1639 | D:3      | Reached XP level 6. HP: 52/55 MP: 6/6
  1905 | D:3      | Found a runed translucent door.
  1906 | D:3      | Noticed Alannah's ghost (amateur DsMo)
  2111 | D:3      | Found a basalt altar of Yredelemnul.
  2270 | D:3      | Reached skill level 5 in Fighting
  2462 | D:4      | Found a staircase to the Ecumenical Temple.
  2477 | D:4      | Reached skill level 6 in Axes
  2590 | Temple   | Entered the Ecumenical Temple
  2928 | D:4      | Reached XP level 7. HP: 61/61 MP: 7/7
  3652 | D:5      | Entered Level 5 of the Dungeon
  3726 | D:5      | Reached skill level 7 in Axes
  3726 | D:5      | Reached skill level 5 in Shields
  3755 | D:5      | Reached skill level 5 in Armour
  4079 | D:5      | Found a sacrificial altar of Ru.
  4109 | D:5      | Noticed Blork the orc
  4123 | D:5      | Killed Blork the orc
  4133 | D:5      | Became a worshipper of Beogh the Brigand
  4232 | D:5      | Reached XP level 8. HP: 70/70 MP: 8/8
  4327 | D:5      | Reached skill level 8 in Axes
  4472 | D:5      | Found a shimmering altar of Xom.
  5244 | D:6      | Reached skill level 9 in Axes
  5293 | D:6      | Reached XP level 9. HP: 64/79 MP: 9/9
  5361 | D:6      | Found a deep blue altar of Sif Muna.
  5498 | D:6      | Found a glowing golden altar of the Shining One.
  5645 | D:6      | Found a white marble altar of Elyvilon.
  5828 | D:7      | Reached skill level 10 in Axes
  5886 | D:7      | Found an ancient bone altar of Kikubaaqudgha.
  5971 | D:7      | Reached * piety under Beogh
  6201 | D:7      | Reached skill level 1 in Invocations
  6562 | D:8      | Noticed a two-headed ogre
  6647 | D:8      | Reached skill level 11 in Axes
  6717 | D:8      | Noticed a hornet
  6872 | D:8      | Reached XP level 10. HP: 88/88 MP: 10/12
  6880 | D:8      | Reached ** piety under Beogh
  6881 | D:8      | Found Niackaza's Distillery.
  6887 | D:8      | Bought a potion of heal wounds for 65 gold pieces
  6887 | D:8      | Bought a potion of haste for 130 gold pieces
  6887 | D:8      | Bought a potion of curing for 39 gold pieces
  6887 | D:8      | Bought a potion of might for 52 gold pieces
  7461 | D:9      | Found a bloodstained altar of Trog.
  7648 | D:9      | Reached skill level 12 in Axes
  7800 | D:10     | Entered Level 10 of the Dungeon
  7823 | D:10     | Found a transporter.
  7823 | D:10     | Noticed a moth of wrath
  7831 | D:10     | Found a transporter.
  7860 | D:10     | Noticed a gargoyle
  7867 | D:10     | Killed a gargoyle
  7910 | D:10     | Noticed radzia's ghost (journeyman VSFi)
  8142 | D:10     | Noticed a gargoyle
  8166 | D:10     | Killed a gargoyle
  8166 | D:10     | Reached skill level 5 in Invocations
  8330 | D:10     | Killed an unseen horror
  8330 | D:10     | Reached XP level 11. HP: 94/97 MP: 13/15
  8373 | D:10     | Reached skill level 13 in Axes
  8387 | D:10     | Reached *** piety under Beogh
  8607 | D:10     | Noticed a manticore
  8677 | D:11     | Noticed a cyclops
  8696 | D:11     | Killed a cyclops
  8720 | D:11     | Gained Gorm as an ally
  8986 | D:11     | Noticed a two-headed ogre
  8994 | D:11     | Killed a two-headed ogre
  9054 | D:11     | Noticed a white ugly thing
  9060 | D:11     | Killed a white ugly thing
  9172 | D:11     | Noticed a red ugly thing
  9177 | D:11     | Killed a red ugly thing
  9226 | D:11     | Reached **** piety under Beogh
  9441 | D:11     | Noticed a green ugly thing
  9451 | D:11     | Killed a green ugly thing
  9451 | D:11     | Reached skill level 10 in Fighting
  9451 | D:11     | Reached skill level 14 in Axes
  9525 | D:11     | Found a staircase to the Orcish Mines.
  9862 | D:12     | Gained Bogrim as an ally
 10155 | D:12     | Noticed a purple ugly thing
 10283 | D:12     | Your ally Bogrim died
 10485 | D:12     | Found Kedusi's Book Shop.
 10503 | D:12     | Noticed a five-headed hydra
 10507 | D:12     | Killed a purple ugly thing
 10507 | D:12     | Reached XP level 12. HP: 82/106 MP: 17/17
 10510 | D:12     | Killed a five-headed hydra
 10562 | D:12     | Got a scorched marble ring
 10684 | D:12     | Identified the ring "Zekhlacus" {Str+6 Int+3} (You found it
                  | on level 12 of the Dungeon)
 10973 | D:12     | Noticed a two-headed ogre
 10986 | D:12     | Killed a two-headed ogre
 11300 | D:8      | Found a runed translucent door.
 11301 | D:8      | Found a shimmering altar of Xom.
 11301 | D:8      | Noticed Renjy's ghost (novice OpFE)
 11301 | D:8      | Noticed a +0 dagger of chaos
 11311 | D:8      | Killed a two-headed ogre
 11386 | D:8      | Reached skill level 15 in Axes
 11387 | D:8      | Found a staircase to the Lair.
 11572 | Lair:1   | Entered Level 1 of the Lair of Beasts
 11573 | Lair:1   | Noticed a five-headed hydra
 11584 | Lair:1   | Killed a five-headed hydra
 11584 | Lair:1   | Reached skill level 10 in Armour
 11593 | Lair:1   | Reached skill level 10 in Shields
 11673 | Lair:1   | Got a fine falchion
 11725 | Lair:1   | Identified the +9 falchion of Intuition {speed, MR++
                  | Stlth+} (You found it on level 1 of the Lair of Beasts)
 12139 | Lair:2   | Noticed a death yak
 12143 | Lair:2   | Noticed a death yak
 12144 | Lair:2   | Noticed a death yak
 12152 | Lair:2   | Killed a death yak
 12155 | Lair:2   | Killed a death yak
 12162 | Lair:2   | Killed a death yak
 12290 | Lair:2   | Found a runed translucent gate.
 12339 | Lair:2   | Reached XP level 13. HP: 113/116 MP: 20/20
 12560 | Lair:2   | Reached skill level 16 in Axes
 12714 | Lair:2   | Found a staircase to the Swamp.
 13109 | Lair:3   | Reached ***** piety under Beogh
 13783 | Lair:4   | Reached skill level 10 in Invocations
 13841 | Lair:4   | Found a frozen archway.
 13913 | IceCv    | Entered an ice cave
 14202 | Lair:4   | Reached skill level 17 in Axes
 14512 | Lair:4   | Found a hole to the Spider Nest.
 14921 | Lair:5   | Reached XP level 14. HP: 126/126 MP: 22/22
 15450 | Lair:6   | Entered Level 6 of the Lair of Beasts
 15763 | Lair:6   | Found a viscous altar of Jiyva.
 15763 | Lair:6   | Found a staircase to the Slime Pits.
 16524 | Lair:6   | Noticed a dire elephant
 16532 | Lair:6   | Killed a dire elephant
 16614 | Lair:6   | Noticed a dire elephant
 16614 | Lair:6   | Noticed a dire elephant
 16634 | Lair:6   | Killed a dire elephant
 16635 | Lair:6   | Killed a dire elephant
 16647 | Lair:6   | Noticed a dire elephant
 16652 | Lair:6   | Killed a dire elephant
 16756 | Lair:6   | Identified the Collected Works on the Fetching Birds
 17048 | D:10     | Noticed Josephine
 17058 | D:10     | Killed Josephine
 17060 | D:10     | Gained Bogdan as an ally
 17217 | D:13     | Gained Borgun as an ally
 17256 | D:13     | Noticed Sonja
 17260 | D:13     | Killed Sonja
 17298 | D:13     | Reached skill level 18 in Axes
 17634 | D:13     | Found a gate to the Vaults.
 17684 | D:13     | Found a burning altar of Makhleb.
 17862 | D:14     | Reached ****** piety under Beogh
 17865 | D:14     | Noticed Agnes
 17870 | D:14     | Killed Agnes
 17870 | D:14     | Reached XP level 15. HP: 136/136 MP: 17/25
 18728 | D:15     | Entered Level 15 of the Dungeon
 18742 | D:15     | Noticed Roxanne
 19183 | D:15     | Found a staircase to the Depths.
 20070 | Orc:1    | Entered Level 1 of the Orcish Mines
 20130 | Orc:1    | Gained Orik as an ally
 20667 | Orc:2    | Entered Level 2 of the Orcish Mines
 20667 | Orc:2    | Found a flickering gateway to a bazaar.
 20718 | Bazaar   | Entered a bazaar
 20726 | Bazaar   | Found Adott's Book Shop.
 20737 | Bazaar   | Found Zadix's Gadget Shop.
 20785 | Orc:2    | Found Sukhouca's Book Shop.
 21312 | Orc:2    | Paralysed by an ogre mage for 7 turns
 21325 | Orc:2    | Gained Gorg as an ally
 21367 | Orc:1    | Reached skill level 15 in Invocations
 21857 | Orc:2    | Found Jyun Qapp's Distillery.
 21860 | Orc:2    | Found Pukuex's Weapon Shop.
 21863 | Orc:2    | Found Atiu's Gadget Boutique.
 21865 | Orc:2    | Bought a potion of heal wounds for 75 gold pieces
 21865 | Orc:2    | Bought a potion of heal wounds for 75 gold pieces
 21887 | Orc:2    | Found a staircase to the Elven Halls.
 22152 | Depths:1 | Entered Level 1 of the Depths
 22152 | Depths:1 | Found a transporter.
 22152 | Depths:1 | Noticed an ancient lich
 22152 | Depths:1 | Noticed a fire giant
 22152 | Depths:1 | Noticed a fire giant
 22264 | Depths:1 | Noticed raetorn's ghost (adept GnSk)
 22469 | Depths:1 | Found a one-way gate leading to the halls of Pandemonium.
 22541 | Depths:1 | Noticed a frost giant
 22548 | Depths:1 | Killed a frost giant
 22851 | Spider:1 | Entered Level 1 of the Spider Nest
 22924 | Swamp:1  | Entered Level 1 of the Swamp
 22945 | Lair:2   | Reached XP level 16. HP: 141/146 MP: 27/27
 22956 | Swamp:1  | Found a transporter.
 22960 | Swamp:1  | Noticed zuik's ghost (adept MfSk)
 22989 | Swamp:1  | Found a transporter.
 23142 | Swamp:1  | Noticed Louise
 23154 | Swamp:1  | Killed Louise
 23270 | Swamp:1  | Identified a scroll of acquirement
 23420 | Swamp:1  | Noticed Donald
 23563 | Swamp:1  | Killed Donald
 23820 | Lair:2   | Found a runed translucent gate.
 23820 | Lair:2   | Found a runed translucent gate.
 23820 | Lair:2   | Noticed Orcmeat's ghost (journeyman SpWz)
 26113 | Swamp:3  | Reached skill level 15 in Fighting
 26341 | Swamp:4  | Entered Level 4 of the Swamp
 26632 | Swamp:4  | Your ally Bogdan died
 26663 | Swamp:4  | Your ally Orik died
 27076 | Swamp:4  | Gained Garbold as an ally
 27223 | Swamp:4  | Your ally Garbold died
 27761 | Swamp:4  | Reached XP level 17. HP: 140/156 MP: 29/29
 27783 | Swamp:4  | Noticed the 27-headed Lernaean hydra
 28460 | Spider:1 | HP: 4/156 [jumping spider (9)]
 28460 | Spider:1 | Slain by a wolf spider

Skill      XL: |  1  2  3  4  5  6  7  8  9 10 11 12 13 14 15 16 |
---------------+-------------------------------------------------+-----
Axes           | 3 5 6 7 9 11 12 14 15 17 18 | 18.0
Fighting       | 4 5 7 8 9 10 11 12 13 14 15 | 15.4
Armour         | 4 5 6 7 8 9 10 11 12 13 14 | 14.3
Shields        | 4 5 6 7 8 9 10 11 12 13 14 | 14.3
Invocations    | 2 5 7 9 10 13 15 17 | 17.9

Action                   |  1- 3 |  4- 6 |  7- 9 | 10-12 | 13-15 | 16-18 || total
-------------------------+-------+-------+-------+-------+-------+-------++-------
Melee: War axe           |    32 |   241 |   325 |   570 |   987 |    63 ||  2218
       Broad axe         |       |       |       |       |       |   431 ||   431
       Hand axe          |       |       |       |       |       |    85 ||    85
Throw: Javelin           |       |       |       |     2 |       |       ||     2
Invok: Convert to Beogh  |       |       |     1 |       |       |       ||     1
       Smiting           |       |       |       |    12 |    15 |     9 ||    36
       Recall Orcish Fol |       |       |       |     2 |     7 |     5 ||    14
       Give Item to Name |       |       |       |       |     2 |       ||     2
       Stop Recall       |       |       |       |       |     1 |     2 ||     3
       Resurrection      |       |       |       |       |     1 |       ||     1
Evoke: Wand              |       |       |       |     4 |     6 |     4 ||    14
  Use: Potion            |     1 |       |       |     2 |     1 |     4 ||     8
       Scroll            |       |       |    13 |     4 |     7 |    14 ||    38
 Stab: Distracted        |       |       |       |     2 |     7 |     1 ||    10
       Paralysed         |       |       |       |       |     2 |       ||     2
  Eat: Ration            |       |     1 |       |     2 |     4 |     3 ||    10
       Chunk             |       |     4 |    12 |    15 |    20 |     8 ||    59
Armor: Scale mail        |     6 |   115 |    82 |       |       |       ||   203
       Plate armour      |       |       |    23 |   258 |   309 |   101 ||   691
       Swamp dragon scal |       |       |       |       |       |   138 ||   138
Dodge: Dodged            |    11 |    66 |    85 |   103 |   159 |   170 ||   594
Block: Shield            |    16 |   102 |   169 |   311 |   541 |   362 ||  1501
       Reflection        |       |       |       |       |       |     8 ||     8
